 Dungeon Crawl Stone Soup version 0.26-a0-639-g72c4674329 (webtiles) character file.

Game seed: 14367836404829029171

63701 Flugslaktarn the Severer (level 14, -5/141 HPs)
             Began as a Deep Dwarf Fighter on Sept 24, 2020.
             Was the Champion of Makhleb.
             Slain by an orc warrior
             ... wielding a +0 trident
             ... led by an orc warlord
              (17 damage)
             ... on level 2 of the Orcish Mines.
             The game lasted 00:09:05 (11729 turns).

Flugslaktarn the Severer (Deep Dwarf Fighter)      Turns: 11729, Time: 00:09:06

Health: -5/141     AC:  3    Str: 25    XL:     14   Next: 69%
Magic:  12/12      EV: 12    Int: 10    God:    Makhleb [******]
Gold:   1596       SH:  0    Dex: 14    Spells: 13/13 levels left

rFire    + . .     SeeInvis .   y - +4 battleaxe (elec)
rCold    + . .     Faith    +   (shield currently unavailable)
rNeg     + . .     Spirit   .   u - +2 plate armour {rC+}
rPois    .         Reflect  .   (no helmet)
rElec    .         Harm     .   A - +1 cloak
rCorr    .         Rampage  .   o - +2 pair of gloves {Str+3}
MR       ++...                  (no boots)
Stlth    ..........             m - amulet of faith
HPRegen  0.00/turn              p - +4 ring of protection
MPRegen  0.13/turn              f - ring of protection from fire

@: corroded, non-regenerating
A: damage resistance, heal wounds, low mp 1, mutation resistance 1, negative
energy resistance 1, sense surroundings 3, wild magic 1, no regeneration
a: Heal Wounds, Minor Destruction, Lesser Servant of Makhleb, Major Destruction,
Greater Servant of Makhleb, Renounce Religion


You were on level 2 of the Orcish Mines.
You worshipped Makhleb.
Makhleb was exalted by your worship.
You visited 4 branches of the dungeon, and saw 21 of its levels.
You visited the Abyss 1 time.

You collected 1596 gold pieces.

Inventory:

Hand Weapons
 a - a +0 war axe of electrocution
 y - a +4 battleaxe of electrocution (weapon)
   (You took it off an orc warrior on level 7 of the Dungeon)
Missiles
 c - 2 throwing nets (quivered)
Armour
 o - a +2 pair of gloves of strength (worn)
   (You found it on level 9 of the Dungeon)
 u - a +2 plate armour of cold resistance (worn)
   (You found it on level 9 of the Dungeon)
 A - a +1 cloak (worn)
   (You found it on level 2 of the Lair of Beasts)
 B - a +0 kite shield
Jewellery
 f - a ring of protection from fire (right hand)
   (You found it on level 15 of the Dungeon)
 i - an uncursed ring of see invisible
   (You found it on level 11 of the Dungeon)
 m - an amulet of faith (around neck)
   (You found it on level 9 of the Dungeon)
 p - a +4 ring of protection (left hand)
   (You found it on level 9 of the Dungeon)
 s - an uncursed amulet of reflection
   (You found it on level 5 of the Dungeon)
 G - a cursed ring of teleportation {unknown}
   (You found it on level 2 of the Lair of Beasts)
 J - an uncursed amulet of regeneration {unknown}
   (You found it on level 3 of the Lair of Beasts)
Wands
 D - a wand of enslavement (17)
   (You found it on level 10 of the Dungeon)
 E - a wand of paralysis (29)
   (You found it on level 11 of the Dungeon)
Scrolls
 g - 2 scrolls of immolation
 k - 3 scrolls of amnesia
 l - 2 scrolls of enchant armour
 r - 11 scrolls of identify
 t - 2 scrolls of teleportation
 v - 6 scrolls of magic mapping
 x - 6 scrolls of remove curse
 z - a scroll of blinking
Potions
 b - a potion of stabbing {unknown}
 d - a potion of might
 e - 2 potions of magic
 h - a potion of haste
 j - a potion of berserk rage
 n - 4 potions of mutation
 q - 6 potions of curing
 w - 3 potions of lignification
 C - 2 potions of cancellation {unknown}
 F - 2 potions of invisibility {unknown}
 H - 3 potions of flight {unknown}
 I - 2 potions of ambrosia {unknown}


   Skills:
 * Level 13.2 Fighting
 * Level 15.2 Axes
 + Level 11.5 Armour
 + Level 9.8 Dodging
 - Level 5.9 Shields
 + Level 11.7 Invocations


You had 13 spell levels left.
You didn't know any spells.
Your spell library was empty.

Dungeon Overview and Level Annotations

Branches:
Dungeon (15/15)            Temple (1/1) D:5            Lair (3/6) D:8
  Swamp (0/4) Lair:3        Snake (0/4) Lair:3          Orc (2/2) D:12
    Elf (0/3) Orc:2        Vaults (0/5) D:13         Depths (0/5) D:15

Altars:
Ashenzari
Cheibriados
Dithmenos
Elyvilon
Fedhas
Gozag
Hepliaklqana
Kikubaaqudgha
Makhleb
Nemelex Xobeh
Okawaru
Qazlal
Sif Muna
Trog
Uskayaw
Vehumet
Wu Jian
Xom
Yredelemnul
Zin
The Shining One

Shops:
D:11 (   Orc:2 *[=[

Portals:
Trove: D:15 (give +4 fire dragon scales)

Annotations:
Orc:2 Sonja


Innate Abilities, Weirdness & Mutations

You are resistant to damage.
You can heal yourself by infusing magical energy.
You resist negative energy. (rN+)
You passively map a large area around you.
You do not regenerate.
Your magical capacity is low. (-10% MP)
You are somewhat resistant to further mutation.
Your spells are a little harder to cast, but a little more powerful.


Message History

* * * LOW HITPOINT WARNING * * *
The orc warrior closely misses you.
The rust devil disappears in a puff of smoke!
The orc warrior hits you with a +0 halberd!
* * * LOW HITPOINT WARNING * * *
The orc warrior closely misses you. Sonja hits you but does no damage.
Space bends around you. Sonja closely misses you. Sonja barely misses you.
You miss Sonja.
You hit the orc warrior but do no damage.
The orc warlord no longer looks unusually strong.
Sonja hits you with a +2 dagger of distortion.
Space bends around you.
* * * LOW HITPOINT WARNING * * *
Sonja hits you with a +2 dagger of distortion.
Space bends around you.
* * * LOW HITPOINT WARNING * * *
Sonja hits you but does no damage. Space warps horribly around you!
* * * LOW HITPOINT WARNING * * *
The orc warrior hits you from afar with a +0 trident!!
You die...

#.#.............P.#.
*#.................... *
,, , .#$........o.........
, ** ...........§4..$....
,*, ...........o.........
, ...................$. ,,
,, ...........oo........,
, * ,#.........o..o......#
, , ,
,...........@..#.#..., * ,
* , , 8.....>.K........, ,
<...#....)..P..P. , ,, * ,
, ∩.8.....#[[......, ,, ,
..........#[...P... 8,, ,
, * $..8##..#.##........ ,
......######........∩. * ,
*........#####...........P
,
*...#.....#.#...P.........
*


You could see an orc warlord, a rust devil (summoned), Sonja, 4 orc warriors and
an orc (strong).

Vanquished Creatures
  An angel (Abyss:1)
  2 fire dragons
  4 vault guards (D:13)
  Fannar (Lair:2)
  An ice dragon (D:15)
  3 hydras
  7 centaur warriors
  Erica (D:8)
  3 two-headed ogres
  An ogre mage (D:13)
  5 orc high priests
  2 tengu warriors
  A deep elf knight (D:13)
  2 unseen horrors
  A deep elf archer (D:13)
  2 orc knights
  3 orc sorcerers
  2 manticores
  13 ugly things
  A deep elf mage (D:13)
  3 cyclopes
  2 centaur zombies
  A cane toad (Lair:2)
  A gargoyle (D:12)
  5 kobold demonologists
  2 yaktaurs
  An efreet (D:14)
  6 komodo dragons
  An ancient zyme (Abyss:1)
  A harpy zombie (D:14)
  3 tengu conjurers
  12 trolls
  Prince Ribbit (D:7)
  A polar bear (Lair:2)
  A hornet (D:8)
  12 hippogriffs
  2 shadows
  A tarantella (shapeshifter) (D:13)
  2 wyverns
  A wraith (D:11)
  24 yaks
  A fire elemental (D:15)
  A water elemental (D:15)
  A basilisk (D:15)
  6 vampire mosquitoes
  4 wargs
  A steam dragon (D:7)
  An acid dragon (D:11)
  8 water moccasins
  6 porcupines
  5 ice beasts
  19 orc warriors
  3 black bears
  4 sky beasts
  2 eyes of draining
  A hornet zombie (D:14)
  5 phantoms
  A necrophage (D:12)
  7 ogres
  25 centaurs
  6 crocodiles
  3 big kobolds
  13 bullfrogs
  A wyvern zombie (D:6)
  A gnoll sergeant (D:7)
  8 scorpions
  7 killer bees
  26 wights
  3 howler monkeys
  A crimson imp (D:6)
  A bullfrog zombie (D:8)
  6 centaur skeletons
  8 hounds
  12 orc priests
  17 orc wizards
  2 bullfrog skeletons
  5 iguanas
  9 worker ants
  A hound zombie (D:11)
  2 worker ant zombies
  14 gnolls
  A howler monkey skeleton (D:9)
  9 adders
  5 white imps
  2 adder zombies
  2 worms
  4 leopard geckos
  73 orcs
  A bat (D:2)
  2 giant cockroaches (D:3)
  4 hobgoblins
  15 jackals
  17 kobolds
  2 quokkas
  A ball python (D:3)
  A frilled lizard (D:1)
  A leopard gecko skeleton (D:6)
  A quokka skeleton (D:4)
  3 rats
530 creatures vanquished.

Vanquished Creatures (collateral kills)
  A hydra (D:12)
  2 orcs (D:12)
3 creatures vanquished.

Vanquished Creatures (others)
  64 fungi
  89 plants
153 creatures vanquished.

Grand Total: 686 creatures vanquished

Notes
Turn   | Place    | Note
-------+----------+-------------------------------------------
     0 | D:1      | Flugslaktarn the Deep Dwarf Fighter began the quest for the
                  | Orb.
     0 | D:1      | Reached XP level 1. HP: 20/20 MP: 1/1
   232 | D:2      | Reached XP level 2. HP: 22/27 MP: 2/2
   346 | D:3      | Reached XP level 3. HP: 32/34 MP: 3/3
   352 | D:3      | Reached skill level 3 in Axes
   625 | D:4      | Reached XP level 4. HP: 42/42 MP: 4/4
   675 | D:4      | Reached skill level 4 in Axes
   675 | D:4      | Reached XP level 5. HP: 45/50 MP: 5/5
   795 | D:4      | Reached XP level 6. HP: 38/57 MP: 6/6
   809 | D:4      | Found an iron altar of Okawaru.
  1274 | D:5      | Entered Level 5 of the Dungeon
  1274 | D:5      | Found a sparkling altar of Nemelex Xobeh.
  1290 | D:5      | Found a staircase to the Ecumenical Temple.
  1340 | Temple   | Entered the Ecumenical Temple
  1422 | D:5      | Reached skill level 5 in Axes
  1422 | D:5      | Reached XP level 7. HP: 24/66 MP: 7/7
  1535 | D:5      | Reached skill level 5 in Fighting
  1549 | D:5      | Reached skill level 5 in Armour
  1711 | D:5      | Reached skill level 5 in Shields
  1816 | D:6      | Reached skill level 6 in Axes
  1836 | D:6      | Reached XP level 8. HP: 45/75 MP: 7/7
  2018 | D:6      | Reached skill level 7 in Axes
  2366 | D:6      | Found a burning altar of Makhleb.
  2383 | D:6      | Became a worshipper of Makhleb the Destroyer
  2427 | D:7      | Found an ancient bone altar of Kikubaaqudgha.
  2431 | D:7      | Noticed Prince Ribbit
  2482 | D:7      | Reached skill level 1 in Invocations
  2502 | D:7      | Killed Prince Ribbit
  2502 | D:7      | Gained mutation: You passively map the area around you.
                  | [Deep Dwarf growth]
  2502 | D:7      | Reached XP level 9. HP: 44/85 MP: 6/8
  2553 | D:7      | Reached skill level 8 in Axes
  2562 | D:7      | Reached skill level 1 in Dodging
  2721 | D:7      | Reached * piety under Makhleb
  2882 | D:7      | Found a white marble altar of Elyvilon.
  3205 | D:7      | Reached skill level 9 in Axes
  3462 | D:8      | Paralysed by a hornet for 2 turns
  3468 | D:8      | Reached XP level 10. HP: 24/96 MP: 9/9
  3550 | D:8      | Reached ** piety under Makhleb
  3572 | D:8      | Found a staircase to the Lair.
  3641 | D:8      | Noticed Erica
  3671 | D:8      | Killed Erica
  3671 | D:8      | Reached skill level 5 in Invocations
  3681 | D:8      | Found a shimmering altar of Xom.
  3803 | D:8      | Reached skill level 10 in Axes
  3857 | D:8      | Found an ornate altar of the Wu Jian Council.
  3942 | D:8      | Found a shadowy altar of Dithmenos.
  4124 | D:9      | Found a bloodstained altar of Trog.
  4142 | D:9      | Found a radiant altar of Vehumet.
  4193 | D:9      | Noticed a centaur warrior
  4200 | D:9      | Killed a centaur warrior
  4202 | D:9      | Noticed a centaur warrior
  4211 | D:9      | Killed a centaur warrior
  4211 | D:9      | Reached XP level 11. HP: 106/106 MP: 10/10
  4375 | D:9      | Reached *** piety under Makhleb
  4382 | D:9      | Identified the +1 ring mail "Vudeoq" {Regen+ Int+4}
  4401 | D:9      | Noticed a fire dragon
  4417 | D:9      | Killed a fire dragon
  4417 | D:9      | Reached skill level 5 in Dodging
  5061 | D:10     | Entered Level 10 of the Dungeon
  5086 | D:10     | Reached skill level 11 in Axes
  5774 | D:11     | Found Lijiyr's Weapon Boutique.
  5840 | D:11     | Reached **** piety under Makhleb
  6131 | D:11     | Reached skill level 10 in Fighting
  6307 | D:11     | Found a shimmering altar of Xom.
  6744 | D:12     | Noticed a sixfirhy
  6767 | D:12     | Reached ***** piety under Makhleb
  6882 | D:12     | Found a staircase to the Orcish Mines.
  6922 | D:12     | Noticed a five-headed hydra
  6940 | D:12     | Killed a six-headed hydra
  6940 | D:12     | Reached XP level 12. HP: 88/117 MP: 9/11
  6979 | D:12     | Noticed a two-headed ogre
  6986 | D:12     | Killed a two-headed ogre
  6986 | D:12     | Reached skill level 12 in Axes
  7681 | D:13     | Gained mutation: You are frail. (-10% HP) [a neqoxec]
  7684 | D:13     | Gained mutation: You are very frail. (-20% HP) [a neqoxec]
  7686 | D:13     | Gained mutation: Your magical capacity is low. (-10% MP) [a
                  | neqoxec]
  7698 | D:13     | Lost mutation: You are very frail. (-20% HP) [potion of
                  | mutation]
  7698 | D:13     | Lost mutation: You are frail. (-10% HP) [potion of
                  | mutation]
  7698 | D:13     | Gained mutation: Your spells are a little harder to cast,
                  | but a little more powerful. [potion of mutation]
  7698 | D:13     | Gained mutation: You are somewhat resistant to further
                  | mutation. [potion of mutation]
  7698 | D:13     | Gained mutation: You passively map a large area around you.
                  | [potion of mutation]
  8040 | D:13     | Noticed a vault guard
  8054 | D:13     | Noticed a vault guard
  8061 | D:13     | Noticed an ogre mage
  8074 | D:13     | Killed an ogre mage
  8115 | D:13     | Killed a vault guard
  8115 | D:13     | Reached skill level 13 in Axes
  8146 | D:13     | Killed a vault guard
  8146 | D:13     | Reached skill level 10 in Armour
  8168 | D:13     | Found a gate to the Vaults.
  8168 | D:13     | Noticed a vault guard
  8169 | D:13     | Noticed a vault guard
  8174 | D:13     | Killed a vault guard
  8175 | D:13     | Killed a vault guard
  8175 | D:13     | Reached XP level 13. HP: 119/127 MP: 11/11
  8316 | D:13     | Found a sparkling altar of Nemelex Xobeh.
  8582 | D:14     | Reached ****** piety under Makhleb
  8582 | D:14     | Reached skill level 10 in Invocations
  8990 | D:15     | Entered Level 15 of the Dungeon
  9079 | D:15     | Reached skill level 14 in Axes
  9254 | D:15     | Noticed a fire dragon
  9267 | D:15     | Killed a fire dragon
  9270 | D:15     | Gained mutation: You resist negative energy. (rN+) [Deep
                  | Dwarf growth]
  9270 | D:15     | Reached XP level 14. HP: 126/139 MP: 12/12
  9275 | D:15     | Found a staircase to the Depths.
  9487 | D:15     | Found a portal to a secret trove of treasure.
  9903 | Lair:1   | Entered Level 1 of the Lair of Beasts
 10024 | Lair:2   | Noticed Fannar
 10038 | Lair:2   | Killed Fannar
 10641 | Lair:3   | Found a staircase to the Swamp.
 10773 | Lair:3   | Found a staircase to the Snake Pit.
 10998 | Orc:1    | Entered Level 1 of the Orcish Mines
 11172 | Orc:2    | Entered Level 2 of the Orcish Mines
 11180 | Orc:2    | Noticed Sonja
 11228 | Orc:2    | Cast into level 1 of the Abyss (Sonja)
 11252 | Abyss:1  | Noticed an angel
 11293 | Abyss:1  | Killed an angel
 11343 | Abyss:1  | Noticed a hellephant
 11368 | Orc:2    | Escaped the Abyss
 11369 | Orc:2    | Reached skill level 15 in Axes
 11428 | Orc:2    | Found Ciney's Antique Armour Boutique.
 11440 | Orc:2    | Found a staircase to the Elven Halls.
 11440 | Orc:2    | Noticed an orc warlord
 11577 | Orc:2    | Found Liskao's General Store.
 11577 | Orc:2    | Found Atweuh's Jewellery Shoppe.
 11602 | Orc:2    | Noticed an orc warlord
 11724 | Orc:2    | Found Vanetuc's Antique Armour Emporium.
 11729 | Orc:2    | Slain by an orc warrior

Illustrated notes

Levels and vault maps discovered:
D:1:      minmay_arrival_widening_spiral_narrow, layout_basic, feat_on_display
D:2:      layout_basic, nicolae_overflow_crystal_walls,
          nemelex_xobeh_ov_fountains_minmay, eino_tiny_chamber
D:3:      layout_rooms
D:4:      layout_loops_ring, grunt_ministairs_1, chequers_serial_rivers_small_b,
          okawaru_metal_pillars_1_2
D:5:      layout_rooms, minmay_temple_entry_statues_fountains, basic_altar,
          minivault_24
D:6:      layout_cave_pools, makhleb_grotto_becter, minmay_fountain_box
D:7:      layout_basic, kennysheep_mini_moat, lemuel_crystal_altar,
          uniq_prince_ribbit1
D:8:      layout_basic, nicolae_overflow_hidden_temple, lemuel_crystal_altar,
          lemuel_coloured_pillars_altar, due_lair_maze_entry_diamond, uniq_erica
D:9:      minmay_the_grid_four_pointed_star_mashed
          [minmay_the_grid_triangle_9x9_intruding_spiral,
          minmay_the_grid_triangle_9x9_negative_grid,
          minmay_the_grid_triangle_9x9_semitri,
          minmay_the_grid_triangle_9x9_windchime,
          minmay_the_grid_prize_diamond_cup], layout_basic,
          overflow_temple_1_default, basic_altar, kennysheep_generic_room_13
D:10:     layout_long_grid
D:11:     layout_stronghold, serial_shops, nicolae_shop_trees,
          lemuel_altar_in_water
D:12:     layout_loops_ring, hiddenorc2_lemuel, serial_bayou_pond_c,
          minmay_misc_feat_doors, nrook_campfire
D:13:     minmay_octagon_keep, layout_long_grid, grunt_vaults_entry_fortified,
          basic_altar
D:14:     layout_big_octagon, bh_walls_and_bars
D:15:     grunt_enter_depths_hoard, layout_loops_cross,
          nicolae_trove_entry_crystal, kennysheep_flooded_box,
          minmay_crystal_room, kennysheep_inner_square
Temple:   cyrus_circular_temple
Lair:1:   layout_roguey [special_room_bee], minmay_lair_oklob_items
Lair:2:   layout_chaotic_city, grunt_megastairs_1, uniq_fannar
Lair:3:   minmay_lair_venomous_thicket, layout_chaotic_city,
          minmay_swamp_entry_reptiles, dummy_snake_entry, grunt_megastairs_4
Orc:1:    layout_caves, serial_shops, nicolae_shop_trees, basic_altar
Orc:2:    grunt_orc_gardens, layout_caves, grunt_orc_garden, grunt_orc_garden,
          grunt_orc_garden, grunt_orc_garden, serial_shops,
          nicolae_shop_statue_plus, ebering_ghost_rock_garden, uniq_sonja

Skill      XL: |  1  2  3  4  5  6  7  8  9 10 11 12 13 14 |
---------------+-------------------------------------------+-----
Fighting       | 3 4 5 6 8 9 10 11 12 13 | 13.2
Axes           | 3 4 5 6 7 9 10 11 13 14 15 | 15.2
Armour         | 4 5 6 7 8 9 10 11 | 11.5
Shields        | 4 5 |  5.9
Invocations    | 1 4 6 8 9 10 11 | 11.7
Dodging        | 2 4 6 7 9 |  9.8

Action                   |  1- 3 |  4- 6 |  7- 9 | 10-12 | 13-15 || total
-------------------------+-------+-------+-------+-------+-------++-------
Melee: War axe           |    78 |    86 |   258 |       |       ||   422
       Battleaxe         |       |       |    90 |   581 |   478 ||  1149
Invok: Lesser Servant of |       |       |       |     2 |       ||     2
 Abil: Heal Wounds       |     3 |     1 |    30 |     9 |    16 ||    59
  Use: Potion            |       |       |     1 |     3 |       ||     4
       Scroll            |       |       |    16 |     5 |     7 ||    28
Armor: Scale mail        |    46 |    27 |   170 |       |       ||   243
       Plate armour      |       |       |    17 |   512 |   569 ||  1098
Dodge: Dodged            |    28 |    23 |   139 |   330 |   481 ||  1001
Block: Kite shield       |    37 |    46 |   144 |       |       ||   227
       Other             |       |       |     8 |    52 |       ||    60
       Reflection        |       |       |       |     2 |       ||     2

Table legend: (Time is in decaauts)
 A = Elapsed time spent in this place.
 B = Non-inter-level travel time spent in this place.
 C = Inter-level travel time spent in this place.
 D = Time resting spent in this place.
 E = Time spent auto-exploring this place.
 F = Levels seen in this place.
 G = Mean time per level.
                   A        B        C        D        E       F      G
               +--------+--------+--------+--------+--------+-----+--------+
         Total |  11985 |  11200 |    785 |    178 |   7829 |  22 |  544.8 |
       Dungeon |  10192 |   9530 |    662 |     21 |   6841 |  15 |  679.5 |
        Temple |     52 |     44 |      8 |      0 |     43 |   1 |   52.0 |
          Lair |   1004 |    904 |    100 |      0 |    722 |   3 |  334.7 |
  Orcish Mines |    597 |    582 |     15 |    150 |    155 |   2 |  298.5 |
         Abyss |    139 |    139 |      0 |      7 |     68 |   1 |  139.0 |
               +--------+--------+--------+--------+--------+-----+--------+

Top non-repeatable levels by time:
    D:11: 1216 daAuts
     D:9: 951 daAuts
     D:7: 948 daAuts
    D:12: 939 daAuts
    D:13: 865 daAuts
     D:8: 793 daAuts
    D:15: 776 daAuts
     D:6: 758 daAuts
     D:4: 701 daAuts
  Lair:2: 663 daAuts
    D:10: 562 daAuts
    D:14: 556 daAuts
     D:5: 488 daAuts
     D:3: 324 daAuts
   Orc:1: 317 daAuts
